Map: Central Protocol

Players

DamienTHC

  • Race: Zerg Zerg
  • League: Platinum

Chris (MCanning) - Winner!

  • Race: Protoss Protoss
  • League: Master

VOD

Have the link to the VOD?

Description

Time

  • Played on: Nov. 14, 2015, 1:34 a.m.
  • Length: 9:17
Show
View Real Time Build Order
Export as new Build Order

DamienTHC Zerg 

Build Orders: Hatch First 

Get SALT Encoding   

  12  0:01  Drone  
  13  0:15  Drone  
  13  0:19  Extractor  
  13  0:20  Drone  
  15  0:22  Overlord  
  15  0:49  Hatchery  
  14  0:50  Drone  
  14  0:53  Drone  
  16  0:58  Extractor  
  15  1:12  Spawning Pool  
  14  1:34  Drone x3  
  17  1:47  Overlord  
  17  2:01  Queen  
  17  2:02  Queen  
  17  2:03  Zergling x2  
  17  2:05  Zergling x2  
  23  2:24  Drone  
  23  2:25  Roach Warren  
  23  2:27  Drone  
  24  2:34  Drone  
  24  2:42  Drone  
  25  2:44  Drone  
  25  2:45  Drone  
  25  2:59  Metabolic Boost  
  25  3:02  Drone x2  
  25  3:03  Drone  
  28  3:09  Overlord  
  28  3:15  Roach  
  30  3:23  Roach  
  30  3:25  Roach  
  34  3:30  Roach  
  36  3:35  Roach  
  36  3:38  Roach  
  40  3:45  Roach  
  42  3:49  Overlord  
  42  3:51  Overlord  
  42  4:08  Zergling x8  
  42  4:09  Zergling x4  
  48  4:10  Zergling x2  
  48  4:14  Zergling x2  
  48  4:15  Zergling x2  
  51  4:17  Zergling x2  
  43  4:44  Zergling x4  
  43  4:45  Zergling x8  
  36  4:54  Roach x5  
  36  4:58  Drone x2  
  46  5:20  Roach x4  
  51  5:26  Zergling x2  
  51  5:27  Extractor  
  51  5:32  Ravager  
  52  5:54  Drone x5  
  52  5:55  Drone x2  
  55  6:20  Hatchery  
  55  6:21  Drone  
  55  6:22  Drone x4  
  59  6:31  Lair  
  59  6:36  Evolution Chamber, Drone, Extractor  
  59  6:37  Overlord x2  
  59  6:39  Drone  
  58  6:59  Extractor  
  57  7:03  Zerg Missile Weapons Level 1  
  57  7:04  Evolution Chamber  
  56  7:12  Queen  
  58  7:41  Overlord  
  58  7:42  Overlord x3, Hydralisk Den  
  57  7:44  Queen  
  57  8:17  Hydralisk x3  
  57  8:18  Hydralisk x8  
  79  8:21  Drone x6  
Show
View Real Time Build Order
Export as new Build Order

Chris Protoss - Winner!

Build Orders: 1 Gate Expand 

Get SALT Encoding   

  12  0:01  Probe (Chrono Boost)  
  13  0:11  Probe (Chrono Boost)  
  14  0:18  Pylon  
  14  0:22  Probe (Chrono Boost)  
  15  0:37  Probe (Chrono Boost)  
  15  0:39  Gateway  
  16  0:47  Probe (Chrono Boost)  
  17  0:58  Probe (Chrono Boost)  
  18  1:12  Nexus  
  18  1:20  Assimilator  
  18  1:24  Probe (Chrono Boost), Assimilator  
  19  1:34  Cybernetics Core  
  19  1:37  Probe (Chrono Boost)  
  20  1:46  Pylon  
  20  1:53  Probe (Chrono Boost)  
  21  2:00  Pylon  
  21  2:03  Probe (Chrono Boost)  
  22  2:14  Mothership Core (Chrono Boost)  
  24  2:16  Pylon  
  24  2:21  Adept  
  26  2:25  Warp Gate  
  26  2:29  Probe (Chrono Boost)  
  27  2:33  Probe (Chrono Boost)  
  28  2:40  Probe (Chrono Boost)  
  30  2:44  Probe (Chrono Boost)  
  30  2:50  Probe (Chrono Boost)  
  31  2:55  Probe (Chrono Boost)  
  32  3:01  Probe (Chrono Boost)  
  32  3:05  Gateway, Probe (Chrono Boost)  
  34  3:11  Probe (Chrono Boost)  
  35  3:13  Stalker  
  35  3:16  Probe (Chrono Boost)  
  38  3:22  Probe (Chrono Boost)  
  38  3:26  Probe (Chrono Boost)  
  40  3:28  Pylon  
  40  3:32  Probe (Chrono Boost)  
  41  3:37  Probe (Chrono Boost)  
  42  3:42  Gateway  
  42  3:43  Probe (Chrono Boost)  
  42  3:44  Sentry  
  42  3:45  Gateway  
  42  3:47  Probe (Chrono Boost)  
  46  3:53  Gateway  
  46  3:56  Probe (Chrono Boost)  
  46  3:58  Probe (Chrono Boost)  
  46  3:59  Sentry  
  50  4:05  Assimilator  
  50  4:09  Probe (Chrono Boost)  
  52  4:10  Sentry, Probe (Chrono Boost)  
  52  4:11  Assimilator  
  54  4:19  Probe (Chrono Boost)  
  54  4:20  Probe (Chrono Boost)  
  56  4:27  Pylon  
  56  4:30  Probe (Chrono Boost)  
  56  4:31  Probe (Chrono Boost)  
  54  4:41  Adept x2  
  54  4:42  Gateway  
  54  4:43  Adept  
  58  4:47  Gateway  
  56  4:52  Gateway  
  56  4:54  Adept x2  
  56  4:55  Probe (Chrono Boost)  
  61  5:04  Probe (Chrono Boost)  
  61  5:07  Probe (Chrono Boost)  
  61  5:09  Pylon  
  61  5:11  Zealot  
  64  5:18  Pylon  
  64  5:19  Pylon  
  64  5:20  Sentry x3  
  70  5:22  Sentry  
  72  5:32  Sentry  
  72  5:35  Probe (Chrono Boost)  
  75  5:42  Gateway  
  75  5:44  Gateway  
  75  5:46  Sentry x2  
  75  5:47  Sentry  
  75  5:48  Pylon  
  81  5:51  Pylon  
  81  5:55  Forge  
  81  5:59  Forge  
  81  6:00  Sentry  
  81  6:04  Pylon  
  83  6:09  Disruptor  
  83  6:13  Adept  
  83  6:14  Pylon  
  83  6:16  Pylon  
  83  6:21  Pylon  
  83  6:24  Sentry x3  
  89  6:33  Sentry  
  89  6:34  Gateway  
  89  6:35  Zealot x4  
  89  6:37  Gateway  
  99  6:54  Sentry x2  
  99  6:57  Zealot x4, Pylon  
  99  6:58  Zealot x2  
  115  7:04  Zealot  
  115  7:05  Pylon  
  117  7:11  Sentry  
  119  7:17  Colossus x2, Pylon  
  119  7:18  Colossus x2  
  119  7:20  Colossus  
  119  7:22  Colossus  
  119  7:24  Sentry x2  
  123  7:36  Immortal  
  123  7:37  Immortal x2  
  123  7:43  Stalker x4  
  123  7:44  Stalker x4, Sentry x2, Nexus  
  123  7:46  Pylon  
  123  7:47  Zealot x2  
  123  7:48  Pylon, Zealot x2  
  135  8:00  Zealot x3  
  135  8:02  Zealot  
  141  8:19  Stalker x2  
  141  8:27  Stalker x4  
  141  8:28  Stalker  
  141  8:32  Stalker x2  
  121  9:07  Stalker x6  
Tags
 
Add a new tag
Caveats
  • Supply blocks, unpowered buildings, or Contaminate may cause inaccurate times.
  • Supply counts are checked every 10 seconds.